 Dungeon Crawl Stone Soup version 0.22-a0-185-ge330310 (webtiles) character file.

1160766 Azzok the Merry Gargoyle (level 27, -1/159 HPs)
             Began as a Gargoyle Berserker on Feb 14, 2018.
             Was the Champion of the Shining One.
             Slain by a hellion (5 damage)
             ... on level 5 of Gehenna on Feb 15, 2018.
             The game lasted 05:15:03 (93680 turns).

Azzok the Merry Gargoyle (Gargoyle Berserker)      Turns: 93680, Time: 05:15:04

Health: -1/159     AC: 74    Str: 28    XL:     27
Magic:  0/30       EV:  8    Int: 10    God:    the Shining One [******]
Gold:   4999       SH:  0    Dex:  8    Spells: 41/60 levels left

rFire    + + +     SeeInvis .   a - +9 longbow (holy)
rCold    + + +     Gourm    .   (shield currently unavailable)
rNeg     + + +     Faith    .   S - +12 gold dragon scales
rPois    ∞         Spirit   +   U - +2 helmet of Qorait {rC+ MR+}
rElec    +         Reflect  .   p - +0 cloak "Deyfresch" {MR+}
rCorr    .         Harm     .   y - +3 pair of gauntlets of War {Slay+5}
MR       ++++.     Rnd*Rage +   W - +1 pair of boots {run} Stlth ..........Rnd*Tele +
                                s - amulet "Seceur" {Spirit +Blink rC+ Str+3}
HPRegen  0.36/turn              r - ring of protection from fire
MPRegen  0.22/turn              v - ring of protection from fire

@: glowing, quick
A: big wings, berserk 1, blurry vision 2, clumsy 1, dopey 1, frail 2, low mp 3,
negative energy resistance 1, sense surroundings 1, screaming 2, electricity
resistance, teleportitis 1, weak 2, unbreathing, evolution 1, petrification
resistance, rot immunity, MP-powered wands, AC +20
}: 11/15 runes: decaying, serpentine, slimy, silver, icy, abyssal, demonic,
glowing, magical, fiery, dark
a: Fly, Divine Shield, Cleansing Flame, Summon Divine Warrior, Renounce
Religion, Evoke Blink


You were on level 5 of Gehenna.
You worshipped the Shining One.
The Shining One was exalted by your worship.
You were not hungry.

You visited 15 branches of the dungeon, and saw 70 of its levels.
You visited Pandemonium 1 time, and saw 14 of its levels.
You visited the Abyss 1 time.
You also visited: Labyrinth, Ice Cave, Volcano and Wizlab.

You collected 11760 gold pieces.
You spent 6761 gold pieces at shops.

Inventory:

Hand Weapons
 a - a +9 longbow of holy wrath (weapon)
 b - the +9 lajatang of Pragmatism {speed, +Inv}
   (Trog gifted it to you on level 2 of the Swamp)

   Attacks with this weapon are significantly faster.
   It lets you turn invisible.
 c - a +9 longbow of velocity
Missiles
 i - 612 arrows (quivered)
Armour
 p - the +0 cloak "Deyfresch" (worn) {MR+}
   (You found it in Pandemonium)

   It affects your resistance to hostile enchantments.
 y - the +3 pair of gauntlets of War (worn) {Slay+5}
   (You bought it in a shop on level 1 of the Vaults)

   It affects your accuracy and damage with ranged weapons and melee attacks
   (+5).
 S - +12 gold dragon scales (worn)
 U - the +2 helmet of Qorait (worn) {rC+ MR+}
   (You found it on level 3 of the Elven Halls)

   It protects you from cold.
   It affects your resistance to hostile enchantments.
 W - a +1 pair of boots of running (worn)
Jewellery
 o - an uncursed ring of resist corrosion
 r - a ring of protection from fire (left hand)
 s - the amulet "Seceur" (around neck) {Spirit +Blink rC+ Str+3}
   (You found it on level 1 of the Depths)

   [amulet of guardian spirit]

   It causes incoming damage to be split between your health and magic.
   It affects your strength (+3).
   It protects you from cold.
   It lets you blink.
 v - a ring of protection from fire (right hand)
Wands
 d - a wand of digging (65)
Scrolls
 g - 7 scrolls of magic mapping
 j - 9 scrolls of fog
 k - 39 scrolls of remove curse
 l - 12 scrolls of blinking
 m - 37 scrolls of teleportation
 A - 13 scrolls of fear
 B - 2 scrolls of amnesia
 D - 3 scrolls of enchant armour
 J - 7 scrolls of identify
 L - 4 scrolls of holy word
Potions
 e - a potion of mutation {!q}
 f - 9 potions of heal wounds
 h - 29 potions of curing
 t - 7 potions of might
 w - 8 potions of agility
 C - 2 potions of cancellation
 E - 8 potions of haste
 G - 5 potions of magic
 I - 2 potions of ambrosia
 K - 8 potions of brilliance
 O - 4 potions of resistance
Books
 n - a book of Annihilations

   Spells                             Type                      Level
   a - Poison Arrow                   Conjuration/Poison           6
   b - Chain Lightning                Conjuration/Air              8
   c - Lehudib's Crystal Spear        Conjuration/Earth            8
   d - Glaciate                       Conjuration/Ice              9
   e - Fire Storm                     Conjuration/Fire             9
Miscellaneous
 u - a lightning rod (4/4)
 z - a fan of gales
 H - 8 phantom mirrors
Comestibles
 Q - 102 rations


   Skills:
 O Level 27 Fighting
   Level 2.6 Long Blades
 + Level 16.0 Staves
 O Level 27 Bows
 O Level 27 Armour
 - Level 1.5 Dodging
 - Level 17.2 Spellcasting
 - Level 11.6 Charms
 - Level 14.0 Summonings
 - Level 14.0 Translocations
 O Level 27 Earth Magic
 - Level 20.0 Invocations


You had 41 spell levels left.
You knew the following spells:

 Your Spells              Type           Power        Failure   Level  Hunger
a - Apportation           Tloc           #####.       1%          1    None
b - Aura of Abjuration    Summ           #####.....   3%          5    #####..
c - Blink                 Tloc           N/A          1%          2    None
d - Song of Slaying       Chrm           ####....     1%          2    None
e - Shatter               Erth           ######....   67%         9    #######


Dungeon Overview and Level Annotations

Branches:
Dungeon (15/15)            Temple (0/1) D:6            Lair (6/6) D:8
  Swamp (4/4) Lair:2        Snake (4/4) Lair:4        Slime (5/5) Lair:6
    Orc (2/2) D:9             Elf (3/3) Orc:2        Vaults (5/5) D:14
  Crypt (3/3) Vaults:3       Tomb (0/3) Crypt:3      Depths (5/5) D:15
   Hell (1/1)                 Geh (5/7) Hell            Coc (7/7) Hell
    Tar (1/7) Hell            Zot (5/5) Depths:5
    Dis: Hell:1

Altars:
Ashenzari
Dithmenos
Elyvilon
Kikubaaqudgha
Nemelex Xobeh
Okawaru
Ru
Uskayaw
Vehumet
Xom
Yredelemnul
The Shining One
Beogh
Jiyva

Shops:
D:11 =   D:13 *   Orc:2 [(*?}   Elf:1 (   Elf:3 %   Swamp:1 *   Vaults:1 [
Vaults:5 !!?%?!??   Depths:1 =}=*   Depths:3 :

Portals:
Hell: Depths:1 Depths:2 Depths:3 Depths:4 Depths:5
Abyss: Depths:4
Pandemonium: Depths:3
Ziggurat: Depths:5

Annotations:
Elf:2 3 runed doors


Innate Abilities, Weirdness & Mutations

You are resistant to torment.
Your stone body is resilient. (AC +20)
You are immune to poison.
Your large and strong wings let you fly indefinitely.
You resist negative energy. (rN+)
You are resistant to electric shocks. (rElec)
You can survive without breathing.
You are immune to petrification.
You are immune to rotting.
You tend to lose your temper in combat.
Scrolls take you longer to read.
You are clumsy. (Dex -2)
You are dopey. (Int -2)
You are very frail. (-20% HP)
Your magical capacity is extremely low. (-30% MP)
You passively map a small area around you.
You sometimes yell uncontrollably at your foes.
You are occasionally teleported next to monsters.
You are very weak. (Str -4)
You evolve.
You expend magic power (3 MP) to strengthen your wands.


Message History

You hear a hideous shriek!
Firing (i - inventory)
i - 614 arrows (quivered)
Press: ? - help, Shift-Dir - straight line, f/p - Hell Sentinel
Aim: a Hell Sentinel (heavily wounded, haloed)
You shoot an arrow. The arrow hits the Hell Sentinel!!!
You kill the Hell Sentinel!
The Shining One accepts your kill.
You feel better.
You feel your power returning.
Your Staves skill increases to level 16!
The hellion gestures at you.
The sphere of damnation explodes!
The damnation engulfs you!
* * * LOW MAGIC WARNING * * *;
* * * LOW HITPOINT WARNING * * *
The damnation engulfs the hellion.
The hellion completely resists.
Firing (i - inventory)
i - 613 arrows (quivered)
Press: ? - help, Shift-Dir - straight line, f - hellion
Aim: a hellion (haloed)
You shoot an arrow. The arrow hits the hellion!
The hellion convulses.
The hellion is moderately wounded.
The hellion hits you.
You die...

░ ░ ░ ▒▒▒▒▒ ░ ◦ ◦ Z·▒▒
▒▒ ▒▒···▒ ◦ ▒▒··▒▒◦
╬·▒▒····· ◦ ▒▒≈···▒▒
▒▒········
▒▒╬▒▒≈≈§≈·≈▒▒▒▒··≈≈≈≈·▒·
······≈z≈≈≈··§§≈·≈≈≈····
◦
··≈§··≈§≈≈≈·§§§≈········
◦
······(·§≈··§§··········
░░ ▒(@≈····§···▒▒····▒ ◦
◦ ▒2·······§▒·······▒
▒·····▒··§§≈········▒ ░
░
···▒····▒···§§···▒^···▒
░ ▒·
▒▒··▒▒▒·§§···▒▒▒▒··▒ ▒
░····▒ ▒▒·▒▒·▒▒ ▒▒▒▒
░▒▒···· ▒▒▒▒▒▒ ▒···▒░
▒▒▒▒░


You could see a hellion and a flying skull.

Vanquished Creatures
  Cerebov (Pan)
  Antaeus (Coc:7)
  the Royal Jelly (Slime:5)
  Gloorx Vloq (Pan)
  Mnoleg (Pan)
  Lom Lobon (Pan)
  5 orbs of fire
  Mennas (Pan)
  2 ancient liches (Zot:5)
  A juggernaut (Depths:5)
  7 pandemonium lords (Pan)
  Sojobo (Crypt:2)
  22 shard shrikes
  Vashnia (Snake:2)
  9 Killer Klowns (Zot:5)
  Geryon (Hell)
  Saint Roka (Orc:2)
  A curse toe (Zot:5)
  5 caustic shrikes
  17 golden dragons
  5 bone dragons
  2 electric golems (Zot:5)
  7 Brimstone Fiends
  A profane servitor (Crypt:3)
  2 hellephants
  Jorgrun (Snake:3)
  5 Tzitzimimeh
  30 tentacled monstrosities
  12 Ice Fiends
  7 Hell Sentinels
  25 Orb Guardians (Zot:5)
  8 liches
  4 quicksilver dragons
  21 acid blobs
  2 deep elf blademasters (Elf:3)
  9 titans
  2 deep elf master archers (Elf:3)
  An eldritch tentacle (Pan)
  5 sphinxes
  28 Executioners
  5 tentacled starspawn (Abyss:3)
  Gastronok (D:10)
  3 thorn hunters
  11 death cobs
  6 ancient champions
  17 storm dragons
  10 draconian monks
  12 shadow dragons
  6 nagarajas (Snake:4)
  Roxanne (Swamp:2)
  11 fire giants
  6 tengu reavers
  2 revenants
  12 azure jellies
  12 blood saints (Pan)
  An iron dragon (Depths:4)
  11 frost giants
  11 warmongers (Pan)
  6 draconian scorchers
  6 draconian knights
  An orc warlord (Orc:2)
  24 balrugs
  Louise (Swamp:2)
  6 deep elf sorcerers
  5 black suns (Pan)
  18 vault wardens
  40 cacodemons
  6 curse skulls
  6 deep elf elementalists
  Aizul (Snake:4)
  6 ghost moths
  44 very ugly things
  8 ghouls
  12 draconian annihilators
  4 draconian stormcallers
  2 elemental wellsprings (Coc:7)
  7 draconian shifters
  24 reapers
  53 stone giants
  50 large abominations
  12 ironheart preservers
  2 spriggan defenders
  4 entropy weavers
  2 war gargoyles
  16 green draconians
  3 deep elf demonologists
  12 corrupters (Pan)
  An entropy weaver (shapeshifter) (Vaults:5)
  21 black draconians
  5 vampire knights
  A minotaur (Lab)
  13 yellow draconians
  11 deep elf annihilators
  17 purple draconians
  17 white draconians
  12 lorocyprocas
  34 blizzard demons
  A merfolk javelineer (Depths:3)
  9 spark wasps
  12 red draconians
  Snorg (Lair:4)
  17 ettins
  15 eidola
  Josephine (D:13)
  7 deep elf death magi
  2 merfolk impalers (Depths:3)
  6 deep elf high priests
  13 jiangshi
  7 death oozes
  11 fire dragons
  A mummy priest (Crypt:3)
  3 quicksilver dragon zombies
  4 kraken zombies
  19 yaktaur captains
  15 green deaths
  13 great orbs of eyes
  30 ice dragons
  5 quicksilver dragon skeletons
  36 vault guards
  12 monstrous demonspawn (Pan)
  2 hell beasts
  8 rakshasas
  16 naga warriors
  A hydra (shapeshifter) (Vaults:5)
  22 hydras
  The ghost of 100P the Cleaver, a journeyman DsFi of Makhleb (D:10)
  7 spriggan air magi
  An anaconda (shapeshifter) (Vaults:3)
  13 centaur warriors
  3 catoblepae (Lair:6)
  3 alligators
  6 death knights
  66 two-headed ogres
  18 anacondas
  17 ogre magi
  12 dancing weapons
  8 deep troll shamans
  2 thrashing horrors (Abyss:3)
  Urug (D:13)
  5 death yaks (Lair:6)
  5 tengu warriors
  The ghost of Soeti the Martial Artist, a journeyman OpTm of Cheibriados (Lair:2)
  6 spriggan berserkers
  12 hell hogs
  6 deep troll earth magi
  17 naga sharpshooters
  4 shock serpents
  8 vampire magi
  27 hell knights
  38 soul eaters
  3 orc high priests
  Nergalle (Lair:2)
  An iron golem (Geh:1)
  3 titan zombies
  19 small abominations
  9 wretched stars (Abyss:3)
  40 sun demons
  16 deep elf knights
  3 golden dragon zombies
  3 titan skeletons
  36 sixfirhies
  9 iron trolls
  10 shadow wraiths
  13 flayed ghosts
  7 salamander mystics
  88 skeletal warriors
  3 storm dragon skeletons
  2 spatial maelstroms (Abyss:3)
  A cherub (Pan)
  A deep troll (shapeshifter) (Vaults:5)
  2 ghost moth zombies
  A death drake (shapeshifter) (Vaults:5)
  3 unseen horrors
  3 spriggan druids (Swamp:4)
  11 naga ritualists
  9 gelid demonspawn (Pan)
  7 infernal demonspawn (Pan)
  2 death drakes (Depths:5)
  29 deep trolls
  A glowing orange brain (shapeshifter) (Depths:4)
  10 anaconda zombies
  9 glowing orange brains
  4 shadow demons
  The ghost of Kikal the Gouger, a novice FeVM of Lugonu (Orc:2)
  10 torturous demonspawn (Pan)
  An unseen horror (shapeshifter) (D:15)
  3 golden dragon skeletons
  15 wizards
  An obsidian statue (Depths:1)
  Pikel (D:9)
  5 shadow dragon zombies
  14 phantasmal warriors
  8 swamp dragons (Swamp:4)
  15 deep elf archers
  23 orc knights
  6 iron dragon zombies
  6 wolf spiders
  2 oklob plants (Lair:5)
  8 lindwurms
  9 orc sorcerers
  66 deep elf magi
  4 wolf spider zombies
  6 fire giant zombies
  17 ironbrand convokers
  3 shadow dragon skeletons
  4 anaconda skeletons
  3 shining eyes
  4 frost giant zombies
  An orb spider (shapeshifter) (Depths:2)
  45 ugly things
  29 mana vipers
  26 cyclopes
  15 necromancers
  2 manticores (Lair:6)
  3 sphinx skeletons
  12 salamanders
  A cyclops (shapeshifter) (Vaults:3)
  3 stone giant zombies
  3 iron dragon skeletons
  A worldbinder (Abyss:3)
  29 moths of wrath
  45 black mambas
  4 rust devils
  6 stone giant skeletons
  18 vault sentinels
  22 naga magi
  22 elephants
  36 orange demons
  4 fire giant skeletons
  3 ice statues
  A spiny frog (shapeshifter) (Depths:4)
  2 frost giant skeletons
  10 guardian serpents
  4 shock serpent zombies
  3 titan simulacra
  3 dire elephant zombies
  6 eyes of devastation
  55 smoke demons
  An eye of devastation (shapeshifter) (Vaults:3)
  3 molten gargoyles
  23 spiny frogs
  A rime drake (shapeshifter) (Vaults:5)
  2 catoblepas zombies
  2 rime drakes
  33 freezing wraiths
  A kobold demonologist (D:11)
  16 hellions
  85 yaktaurs
  2 emperor scorpion zombies
  9 demonic crawlers (Pan)
  A komodo dragon (shapeshifter) (Vaults:5)
  A swamp worm zombie (Crypt:1)
  34 hellwings
  37 ice devils
  7 komodo dragons
  A yaktaur (shapeshifter) (Vaults:4)
  A human skeleton (Vaults:4)
  2 white draconian skeletons
  4 anaconda simulacra
  9 efreet
  A black draconian skeleton (Crypt:2)
  34 red devils
  14 tormentors
  15 hydra zombies
  A grey draconian skeleton (Crypt:2)
  A guardian mummy (Crypt:3)
  6 jumping spiders (Crypt:3)
  A troll (shapeshifter) (Vaults:1)
  7 ancient zymes (Abyss:3)
  10 meliai
  2 tengu conjurers
  A queen bee (Abyss:3)
  25 trolls
  17 wind drakes
  A death drake zombie (Crypt:1)
  15 hornets
  84 slime creatures
  5 tyrant leeches
  A wolf spider simulacrum (Abyss:3)
  3 harpy zombies
  2 harpy skeletons
  3 stone giant simulacra
  Prince Ribbit (Lair:2)
  8 alligator zombies
  2 polar bears
  7 bog bodies
  4 hydra skeletons
  A hippogriff (shapeshifter) (Vaults:4)
  13 hippogriffs
  A blink frog (shapeshifter) (Vaults:5)
  7 fire dragon zombies
  A frost giant simulacrum (Depths:4)
  6 raiju (Abyss:3)
  A meliai zombie (D:14)
  4 air elementals
  2 ettin zombies
  3 ice dragon zombies
  17 blink frogs
  A wyvern (Lair:5)
  4 ettin skeletons
  7 ice dragon skeletons
  5 redbacks
  2 vampires (Depths:1)
  15 water elementals
  53 flying skulls
  10 spriggans
  21 shadows
  A tarantella (Vaults:4)
  A tarantella (shapeshifter) (Elf:3)
  A wyvern (shapeshifter) (Vaults:5)
  23 wraiths
  57 ynoxinuls
  3 fire dragon skeletons
  11 fire elementals
  16 humans (D:14)
  2 fire bats (Volcano)
  A wind drake zombie (Crypt:1)
  An ushabti (Crypt:3)
  7 hungry ghosts
  A basilisk (Lair:2)
  A black mamba skeleton (Geh:1)
  24 chaos spawn
  22 neqoxecs
  65 yaks
  4 golden eyes
  2 basilisks (shapeshifter)
  An emperor scorpion simulacrum (Hell)
  A death yak simulacrum (IceCv)
  13 vampire mosquitoes
  9 wargs
  40 nagas
  21 swamp worms
  4 insubstantial wisps (Swamp:1)
  2 spatial vortices (Abyss:3)
  A soldier ant (D:11)
  A soldier ant (shapeshifter) (Vaults:1)
  2 acid dragons
  13 water moccasins
  18 hell hounds
  7 spiny frog zombies
  A hydra simulacrum (Coc:7)
  5 floating eyes (Pan)
  63 orc warriors
  18 swamp drakes
  10 porcupines
  A manticore zombie (Abyss:3)
  4 merfolk skeletons
  19 necrophages
  7 eyes of draining
  A slave (D:9)
  A snapping turtle zombie (Geh:5)
  17 ice beasts
  3 sky beasts
  An ettin simulacrum (Vaults:2)
  10 phantoms
  A fire dragon simulacrum (Crypt:2)
  2 swamp dragon zombies
  2 spiny frog skeletons
  8 black bears
  A human zombie (Vaults:4)
  A snapping turtle skeleton (Coc:6)
  3 boggarts (Depths:5)
  A swamp dragon skeleton (Pan)
  8 wolves
  17 centaurs
  48 ogres
  A crocodile (shapeshifter) (Vaults:5)
  2 manticore skeletons
  8 crocodiles
  4 big kobolds
  A yaktaur zombie (Crypt:2)
  13 bullfrogs
  A gnoll sergeant (D:8)
  3 earth elementals
  A water moccasin zombie (D:6)
  3 scorpions
  5 wyvern skeletons (Crypt:3)
  13 killer bees
  A snapping turtle simulacrum (Hell)
  3 electric eels
  48 wights
  5 howler monkeys
  4 jellies
  20 crimson imps
  5 lava snakes (Volcano)
  5 quasits
  7 centaur skeletons
  7 centaur zombies
  2 draconian simulacra (IceCv)
  2 hounds
  2 bullfrog skeletons
  5 iron imps
  A human simulacrum (Vaults:1)
  29 orc priests
  A gnoll shaman (D:9)
  21 orc wizards
  Jessica (D:2)
  5 iguanas
  5 hell rats (Lair:5)
  A porcupine zombie (Crypt:1)
  4 troll simulacra (IceCv)
  13 worker ants
  A polar bear simulacrum (IceCv)
  3 spriggan simulacra
  2 wolf simulacra (IceCv)
  A tengu zombie (Crypt:3)
  4 centaur simulacra (IceCv)
  A demigod skeleton (Crypt:2)
  2 hound skeletons
  3 mummies
  2 worker ant zombies
  25 gnolls
  2 ogre simulacra (IceCv)
  27 adders
  A howler monkey skeleton (D:7)
  6 naga simulacra (IceCv)
  A steam dragon skeleton (Crypt:1)
  4 shadow imps
  32 white imps
  2 ufetubi
  An ooze (D:1)
  An adder zombie (D:6)
  3 ball lightnings (Pan)
  3 dart slugs
  5 worms
  5 leopard geckos
  167 orcs
  3 ball pythons
  6 bats
  6 giant cockroaches
  9 goblins
  10 hobgoblins
  14 jackals
  4 quokkas
  A ball python skeleton (Crypt:2)
  4 frilled lizards
  A frilled lizard skeleton (Crypt:2)
  A giant cockroach zombie (D:6)
  A hobgoblin zombie (Crypt:2)
  21 kobolds
  A kobold zombie (Geh:4)
  A leopard gecko skeleton (D:4)
  2 quokka zombies
  10 rats
  3 crawling corpses
  7 fire vortices (Pan)
  A fungus (Lair:5)
  4 plants
  8 starspawn tentacles (Abyss:3)
  5 tentacles
  A withered plant (Crypt:3)
4521 creatures vanquished.

Vanquished Creatures (collateral kills)
  Mara (Snake:3)
  A golden dragon (Depths:4)
  A lich (Depths:4)
  A vampire knight (Depths:4)
  A rakshasa (Depths:3)
  A spriggan air mage (Depths:2)
  A spriggan berserker (Depths:3)
  A phantasmal warrior (Depths:4)
  A salamander (Snake:4)
  A rime drake (Lair:6)
  2 yaktaurs (Depths:3)
  A hornet (Depths:2)
  A spriggan (Depths:2)
  7 yaks (Lair:6)
  A basilisk (Lair:6)
  2 nagas (Snake:4)
  A crocodile (Lair:6)
25 creatures vanquished.

Vanquished Creatures (others)
  2 elemental wellsprings
  An ice dragon (Coc:7)
  An emperor scorpion zombie (Hell)
  A wind drake (Pan)
  A flying skull (Coc:7)
  A hell hound (Geh:4)
  A slave (D:9)
  2 ogres
  7 wights
  A white imp (Coc:2)
  3 ball lightnings (Pan)
  An orc (Vaults:2)
  A block of ice (Pan)
  A fire vortex (Pan)
  4 fungi
  A lurking horror (Abyss:3)
  9 plants
  12 starspawn tentacles (Abyss:3)
  10 tentacles
  A withered plant (Crypt:3)
61 creatures vanquished.

Grand Total: 4607 creatures vanquished

Notes
Turn   | Place    | Note
-------+----------+-------------------------------------------
     0 | D:1      | Azzok the Gargoyle Berserker began the quest for the Orb.
     0 | D:1      | Reached XP level 1. HP: 14/14 MP: 1/1
   167 | D:1      | Reached XP level 2. HP: 19/20 MP: 2/2
   449 | D:1      | Reached XP level 3. HP: 24/24 MP: 3/3
   636 | D:1      | Reached ** piety under Trog
   910 | D:2      | Noticed Jessica
   916 | D:2      | Killed Jessica
   916 | D:2      | Reached skill level 5 in Fighting
   916 | D:2      | Reached XP level 4. HP: 31/31 MP: 4/4
   984 | D:2      | Found a hide-covered altar of Uskayaw.
  1163 | D:2      | Reached XP level 5. HP: 36/36 MP: 5/5
  1235 | D:2      | Found a shattered altar of Ashenzari.
  1623 | D:2      | Reached *** piety under Trog
  1892 | D:3      | Found a sacrificial altar of Ru.
  2073 | D:3      | Reached XP level 6. HP: 44/44 MP: 1/6
  2676 | D:3      | Found a glowing golden altar of the Shining One.
  2913 | D:3      | Reached **** piety under Trog
  3200 | D:4      | Reached XP level 7. HP: 50/50 MP: 7/7
  4084 | D:5      | Entered Level 5 of the Dungeon
  4116 | D:5      | Reached skill level 10 in Fighting
  4177 | D:5      | Reached XP level 8. HP: 57/57 MP: 8/8
  4389 | D:5      | You fall through a shaft for 2 floors!
  4418 | D:7      | Paralysed by fainting for 8 turns
  4931 | D:7      | Reached ***** piety under Trog
  4944 | D:7      | Reached skill level 1 in Bows
  4984 | D:7      | Reached XP level 9. HP: 59/65 MP: 9/9
  5246 | D:6      | Found a sparkling altar of Nemelex Xobeh.
  5246 | D:6      | Found a radiant altar of Vehumet.
  5647 | D:5      | Got an ancient zirconium amulet
  6138 | D:6      | Received a gift from Trog
  6282 | D:6      | Found a staircase to the Ecumenical Temple.
  6551 | D:7      | Reached skill level 5 in Bows
  6825 | D:7      | Found a shadowy altar of Dithmenos.
  7033 | D:8      | Identified the amulet "Fikeom" {Harm *Drain rF++ rN+ Str+3 Dex-2} (You found it on level 5 of the Dungeon)
  7087 | D:8      | Received a gift from Trog
  7087 | D:8      | Reached XP level 10. HP: 62/73 MP: 10/10
  7237 | D:8      | Found a shadowy altar of Dithmenos.
  7484 | D:8      | Found a staircase to the Lair.
  7546 | D:8      | Found a white marble altar of Elyvilon.
  7725 | D:9      | Got a twisted ring mail
  7814 | D:9      | Found a staircase to the Orcish Mines.
  7848 | D:9      | Noticed Pikel
  7873 | D:9      | Killed Pikel
  7962 | D:9      | Identified the cursed +0 ring mail "Vana" {rF+} (You found it on level 9 of the Dungeon)
  8042 | D:9      | Reached skill level 10 in Bows
  8449 | D:10     | Entered Level 10 of the Dungeon
  8683 | D:10     | Reached XP level 11. HP: 72/78 MP: 11/11
  8928 | D:10     | Noticed Gastronok
  8947 | D:10     | Killed Gastronok
  9078 | D:10     | Noticed 100P's ghost (journeyman DsFi)
  9099 | D:10     | Killed 100P's ghost
  9376 | D:10     | Received a gift from Trog
  9473 | D:10     | Found an iron altar of Okawaru.
  9821 | D:11     | Noticed a purple ugly thing
  9827 | D:11     | Killed a purple ugly thing
  9919 | D:11     | Found an ancient bone altar of Kikubaaqudgha.
 10115 | D:11     | Found Sent's Jewellery Shop.
 10119 | D:11     | Bought a cursed amulet of inaccuracy for 30 gold pieces
 10119 | D:11     | Bought a cursed -4 ring of protection for 30 gold pieces
 10121 | D:11     | Bought a cursed ring of teleportation for 67 gold pieces
 10304 | D:11     | Noticed a cyclops
 10316 | D:11     | Killed a cyclops
 10440 | D:12     | Reached XP level 12. HP: 79/84 MP: 12/12
 10522 | D:12     | Received a gift from Trog
 10691 | Lair:1   | Entered Level 1 of the Lair of Beasts
 10815 | Lair:1   | Found a labyrinth entrance.
 10824 | Lab      | Entered a labyrinth
 10992 | Lab      | Noticed a minotaur
 11002 | Lab      | Killed a minotaur
 11017 | Lab      | Got an ancient cloak
 11085 | Lair:1   | Identified the cursed +0 cloak of Sunlight {rPois} (You found it in a labyrinth)
 11203 | Lair:1   | Reached skill level 15 in Bows
 11259 | Lair:1   | Noticed a six-headed hydra
 11263 | Lair:1   | Killed a six-headed hydra
 11775 | Lair:2   | Noticed Soeti's ghost (journeyman OpTm)
 11803 | Lair:2   | Killed Soeti's ghost
 11830 | Lair:2   | Found a staircase to the Swamp.
 11893 | Lair:2   | Noticed Prince Ribbit
 11898 | Lair:2   | Killed Prince Ribbit
 11975 | Lair:2   | Noticed Nergalle
 11996 | Lair:2   | Killed Nergalle
 12070 | Lair:2   | Received a gift from Trog
 12318 | Lair:2   | Reached XP level 13. HP: 84/88 MP: 13/13
 13667 | Lair:4   | Got a scorched platinum ring
 13832 | Lair:4   | Found a staircase to the Snake Pit.
 14071 | Lair:4   | Noticed Snorg
 14079 | Lair:4   | Killed Snorg
 15030 | Lair:5   | Identified Sif Muna's Incunabulum of the Earthen Traveller
 15135 | Lair:5   | Received a gift from Trog
 15138 | Lair:5   | Got a scorched glaive {god gift}
 15428 | Lair:5   | Gained mutation: Your large and strong wings let you fly indefinitely. [Gargoyle growth]
 15428 | Lair:5   | Reached XP level 14. HP: 92/94 MP: 14/14
 15767 | Lair:6   | Entered Level 6 of the Lair of Beasts
 15928 | Lair:6   | Found a shimmering altar of Xom.
 16033 | Lair:6   | Found a dark tunnel.
 16086 | Volcano  | Entered a volcano
 16096 | Volcano  | Identified the cursed ring of the Moon {rElec Int-3 Slay-3 Stlth+} (You found it on level 4 of the Lair of Beasts)
 16295 | Volcano  | Found a radiant altar of Vehumet.
 16322 | Volcano  | Received a gift from Trog
 16740 | Lair:6   | Received a gift from Trog
 17003 | Lair:6   | Found a staircase to the Slime Pits.
 17003 | Lair:6   | Found a viscous altar of Jiyva.
 17083 | Lair:6   | Identified the +1 glaive of the Puffin {chop, Str+4} (Trog gifted it to you on level 5 of the Lair of Beasts)
 17596 | Lair:6   | Reached XP level 15. HP: 89/98 MP: 15/15
 17704 | Lair:6   | Got a crystal shortbow
 18007 | Lair:6   | Identified the +1 shortbow of Zin's Favour {venom, +Inv MR++ Dex+2} (You found it on level 6 of the Lair of Beasts)
 18464 | D:12     | Received a gift from Trog
 18519 | D:12     | Got a steaming hand axe
 19120 | D:13     | Found Peic's Assorted Antiques.
 19151 | D:13     | Found a frozen archway.
 19187 | IceCv    | Entered an ice cave
 19297 | IceCv    | Reached ****** piety under Trog
 19475 | IceCv    | Found an ancient bone altar of Kikubaaqudgha.
 19674 | IceCv    | Received a gift from Trog
 19708 | IceCv    | Got a jewelled hat
 20009 | Lair:1   | Identified the +4 hat "Picaof" {Regen+} (You found it in an ice cave)
 20166 | D:13     | Noticed Urug
 20174 | D:13     | Killed Urug
 20394 | D:13     | Received a gift from Trog
 20443 | D:13     | Noticed Josephine
 20465 | D:13     | Killed Josephine
 20471 | D:13     | Received a gift from Trog
 20541 | D:13     | Identified the +10 hand axe of Contradiction {venom, rN+++ Str-2 Int+3 Dex+5} (You found it on level 12 of the Dungeon)
 21281 | D:13     | Bought a scroll of enchant weapon for 225 gold pieces
 21482 | D:14     | Found an iron altar of Okawaru.
 21671 | D:14     | Found a gate to the Vaults.
 21869 | D:14     | Received a gift from Trog
 22357 | D:15     | Entered Level 15 of the Dungeon
 22396 | D:15     | Reached XP level 16. HP: 104/104 MP: 16/16
 22758 | D:15     | Found a hide-covered altar of Uskayaw.
 23137 | D:15     | Found a staircase to the Depths.
 23592 | Orc:1    | Entered Level 1 of the Orcish Mines
 23881 | Orc:2    | Entered Level 2 of the Orcish Mines
 23903 | Orc:2    | Found a staircase to the Elven Halls.
 24008 | Orc:2    | Noticed Kikal's ghost (novice FeVM)
 24020 | Orc:2    | Killed Kikal's ghost
 24059 | Orc:2    | Received a gift from Trog
 24201 | Orc:2    | Found Pagh's Magic Scroll Emporium.
 24421 | Orc:2    | Found a roughly hewn altar of Beogh.
 24441 | Orc:2    | Found Uguatheni's Assorted Antiques.
 24454 | Orc:2    | Bought a scroll of teleportation for 75 gold pieces
 24454 | Orc:2    | Bought a potion of heal wounds for 125 gold pieces
 24560 | Orc:2    | Noticed Saint Roka
 24595 | Orc:2    | Received a gift from Trog
 24599 | Orc:2    | Killed Saint Roka
 24676 | Orc:2    | Found Zodoapt's Antique Weapon Shop.
 24679 | Orc:2    | Found a roughly hewn altar of Beogh.
 24685 | Orc:2    | Found Ytydan's Antique Armour Boutique.
 24761 | Orc:2    | Found a roughly hewn altar of Beogh.
 24837 | Orc:2    | Found a roughly hewn altar of Beogh.
 25002 | Orc:2    | Found a roughly hewn altar of Beogh.
 25136 | Orc:2    | Found a roughly hewn altar of Beogh.
 25152 | Orc:2    | Found Tivuepp's Gadget Boutique.
 25199 | Orc:2    | Bought a scroll of identify for 28 gold pieces
 25199 | Orc:2    | Bought a scroll of torment for 105 gold pieces
 25199 | Orc:2    | Bought a scroll of teleportation for 42 gold pieces
 25199 | Orc:2    | Bought a scroll of blinking for 105 gold pieces
 25199 | Orc:2    | Bought a scroll of identify for 28 gold pieces
 25199 | Orc:2    | Bought a scroll of identify for 28 gold pieces
 25199 | Orc:2    | Bought a scroll of magic mapping for 49 gold pieces
 25199 | Orc:2    | Bought a scroll of magic mapping for 49 gold pieces
 25419 | Snake:1  | Entered Level 1 of the Snake Pit
 25507 | Snake:1  | Received a gift from Trog
 26079 | Snake:1  | Reached XP level 17. HP: 108/108 MP: 17/17
 26135 | Snake:1  | Received a gift from Trog
 26148 | Snake:1  | Got a shimmering copper ring
 26149 | Snake:1  | Identified the ring of Xiji Ulo {*Slow +Fly Str+6 Int+3} (You found it on level 1 of the Snake Pit)
 26649 | Snake:2  | Noticed Vashnia
 26740 | Snake:2  | Killed Vashnia
 27587 | Snake:3  | Noticed Jorgrun
 27604 | Snake:3  | Killed Jorgrun
 27777 | Snake:3  | Noticed Mara
 27780 | Snake:3  | Noticed Azzok's illusion
 27793 | Snake:3  | Killed Mara
 28131 | Snake:3  | Received a gift from Trog
 28285 | Snake:3  | Received a gift from Trog
 28622 | Snake:4  | Entered Level 4 of the Snake Pit
 28644 | Snake:4  | Reached XP level 18. HP: 91/114 MP: 18/18
 28902 | Snake:4  | Received a gift from Trog
 29193 | Snake:4  | Received a gift from Trog
 29516 | Snake:4  | Noticed Aizul
 29571 | Snake:4  | Killed Aizul
 29825 | Snake:4  | Received a gift from Trog
 30197 | Snake:4  | Received a gift from Trog
 30268 | Snake:4  | Reached skill level 27 in Bows
 30423 | Snake:4  | Received a gift from Trog
 30703 | Snake:4  | Got a serpentine rune of Zot
 30930 | Swamp:1  | Entered Level 1 of the Swamp
 30944 | Swamp:1  | Found Kuenig's Island Escapes.
 30974 | Swamp:1  | Received a gift from Trog
 31185 | Swamp:1  | Reached skill level 5 in Armour
 31278 | Swamp:1  | Received a gift from Trog
 31489 | Swamp:1  | Reached XP level 19. HP: 120/120 MP: 19/19
 31724 | Swamp:2  | Noticed Roxanne
 31734 | Swamp:2  | Killed Roxanne
 31734 | Swamp:2  | Received a gift from Trog
 31737 | Swamp:2  | Got a polished lajatang {god gift}
 31738 | Swamp:2  | Identified the +9 lajatang of Pragmatism {speed, +Inv} (Trog gifted it to you on level 2 of the Swamp)
 31741 | Swamp:2  | Identified Roxanne's Disquisition on Stones (You took it off Roxanne on level 2 of the Swamp)
 32072 | Swamp:2  | Noticed Louise
 32079 | Swamp:2  | Killed Louise
 33103 | Swamp:4  | Entered Level 4 of the Swamp
 33382 | Swamp:4  | Received a gift from Trog
 33409 | Swamp:4  | Reached skill level 15 in Fighting
 33506 | Swamp:4  | Got a decaying rune of Zot
 33702 | Swamp:4  | Received a gift from Trog
 34002 | Swamp:1  | Bought a scroll of blinking for 142 gold pieces
 34002 | Swamp:1  | Bought a scroll of blinking for 142 gold pieces
 34002 | Swamp:1  | Bought a potion of haste for 190 gold pieces
 34115 | Lair:1   | Identified a scroll of acquirement
 34340 | Depths:1 | Entered Level 1 of the Depths
 34500 | Depths:1 | Got a bound sapphire amulet
 34504 | Depths:1 | Paralysed by a great orb of eyes for 7 turns
 34554 | D:15     | Identified the amulet of Jontoffa {Harm *Drain rN++ MR- Str-2 Int+4} (You acquired it on level 1 of the Depths)
 34783 | Elf:1    | Entered Level 1 of the Elven Halls
 34797 | Elf:1    | Reached skill level 10 in Armour
 34924 | Elf:1    | Noticed a Hell Sentinel
 34939 | Elf:1    | Received a gift from Trog
 35168 | Elf:1    | Found Hiabofy's Antique Weapon Shoppe.
 35268 | Elf:1    | Reached XP level 20. HP: 129/131 MP: 20/20
 35836 | Elf:2    | Found a runed gate.
 35836 | Elf:2    | Found a runed gate.
 35836 | Elf:2    | Found a runed gate.
 35945 | Elf:2    | Received a gift from Trog
 36131 | Elf:3    | Entered Level 3 of the Elven Halls
 36265 | Elf:3    | Received a gift from Trog
 36439 | Elf:3    | Received a gift from Trog
 36493 | Elf:3    | Received a gift from Trog
 36582 | Elf:3    | Received a gift from Trog
 36988 | Elf:3    | Found Fuojifoq's Food Boutique.
 37544 | Elf:3    | Identified the Tome of the Entrancing Escort
 37549 | Elf:3    | Got a polished helmet
 37556 | Elf:3    | Got a smoking jade amulet
 37566 | Elf:3    | Identified the +2 helmet of Qorait {rC+ MR+} (You found it on level 3 of the Elven Halls)
 37583 | Elf:3    | Identified a +1 pair of boots of running (You found it on level 3 of the Elven Halls)
 37583 | Elf:3    | Identified the amulet of Democracy {Regen+ Int+2} (You found it on level 3 of the Elven Halls)
 37707 | Elf:3    | Reached XP level 21. HP: 140/140 MP: 21/21
 38155 | Vaults:1 | Entered Level 1 of the Vaults
 38379 | Vaults:1 | Found Ihayps's Antique Armour Shop.
 38400 | Vaults:1 | Received a gift from Trog
 38495 | Vaults:1 | Bought the +3 pair of gauntlets of War {Slay+5} for 1567 gold pieces
 38495 | Vaults:1 | Found the +3 pair of gauntlets of War {Slay+5}
 38532 | Vaults:1 | Received a gift from Trog
 38682 | Vaults:1 | Found a white marble altar of Elyvilon.
 38885 | Vaults:1 | Received a gift from Trog
 39098 | Vaults:1 | Reached skill level 15 in Armour
 40109 | Vaults:2 | Got a heavily runed scale mail
 40254 | Vaults:2 | Received a gift from Trog
 40867 | Vaults:2 | Reached XP level 22. HP: 150/150 MP: 22/22
 40945 | Vaults:2 | Received a gift from Trog
 41210 | Vaults:3 | Received a gift from Trog
 41447 | Vaults:3 | Received a gift from Trog
 41587 | Vaults:3 | Found a magical portal.
 41592 | WizLab   | Entered Doroklohe's Tomb
 42459 | Vaults:3 | Got a dazzling longbow
 42544 | Vaults:3 | Found a staircase to the Crypt.
 42904 | Vaults:3 | Received a gift from Trog
 43514 | Vaults:4 | Reached XP level 23. HP: 160/160 MP: 23/23
 43690 | Vaults:4 | Identified the +0 scale mail "Tuadiwots" {Regen+} (You found it on level 2 of the Vaults)
 43703 | Vaults:4 | Got a warped amber ring
 43705 | Vaults:4 | Identified the ring of Gosaqiukk {rElec rC+ EV+2 Int+2 Dex+3} (You acquired it on level 4 of the Vaults)
 43774 | Vaults:4 | Received a gift from Trog
 44862 | Vaults:5 | Entered Level 5 of the Vaults
 44865 | Vaults:5 | Noticed a golden dragon
 44919 | Vaults:4 | Received a gift from Trog
 44940 | Vaults:4 | Identified the +7 longbow "Ohyetej" {flame, +Fly rF- SInv} (You found it on level 3 of the Vaults)
 45554 | Orc:2    | Bought a scroll of identify for 50 gold pieces
 45554 | Orc:2    | Bought a scroll of identify for 50 gold pieces
 45554 | Orc:2    | Bought a scroll of identify for 50 gold pieces
 46057 | Depths:1 | Got a coiled golden amulet
 46174 | Depths:1 | Found Loack's Blood Bar.
 46570 | Depths:1 | Received a gift from Trog
 46606 | Depths:1 | Found a gateway to Hell.
 46767 | Depths:1 | Found Giarhog's Jewellery Emporium.
 46768 | Depths:1 | Found Jagiog's Gadget Boutique.
 46769 | Depths:1 | Found Siaff's Jewellery Emporium.
 46778 | Depths:1 | Bought an uncursed ring of protection from fire for 450 gold pieces
 47340 | Depths:2 | Reached XP level 24. HP: 169/169 MP: 23/23
 47775 | Depths:2 | Received a gift from Trog
 48024 | Depths:2 | Got a translucent copper ring
 48585 | Depths:3 | Noticed a caustic shrike
 48606 | Depths:3 | Killed a caustic shrike
 49333 | Depths:3 | Found a one-way gate leading to the halls of Pandemonium.
 49402 | Depths:3 | Received a gift from Trog
 49532 | Depths:3 | Found Tewifoam's Book Shop.
 50493 | Depths:4 | Reached XP level 25. HP: 170/178 MP: 23/23
 50660 | Depths:4 | Received a gift from Trog
 50873 | Depths:4 | Paralysed by a vampire knight for 7 turns
 51345 | Depths:4 | Received a gift from Trog
 51458 | Depths:4 | Found a one-way gate to the infinite horrors of the Abyss.
 51904 | Depths:5 | Entered Level 5 of the Depths
 52035 | Depths:5 | Noticed a juggernaut
 52402 | Depths:5 | Upgraded the game from 0.22-a0-181-gb22368a to 0.22-a0-185-ge330310
 53050 | Lair:1   | Identified the amulet "Seceur" {Spirit +Blink rC+ Str+3} (You found it on level 1 of the Depths)
 53528 | Vaults:5 | Reached XP level 26. HP: 147/188 MP: 18/23
 53528 | Vaults:5 | Received a gift from Trog
 54009 | Vaults:5 | Received a gift from Trog
 54069 | Vaults:5 | Received a gift from Trog
 54200 | Vaults:5 | Received a gift from Trog
 54675 | Vaults:5 | Identified the Handbook of Blistering Beguiling
 54844 | Vaults:5 | Identified the cursed ring "Piedanwiadgh" {rElec Str+6 Dex-2} (You took it off a vampire mage on level 2 of the Depths)
 54995 | Vaults:5 | Found Qiwn's Magic Scroll Emporium.
 54999 | Vaults:5 | Bought a scroll of identify for 22 gold pieces
 54999 | Vaults:5 | Bought a scroll of identify for 22 gold pieces
 54999 | Vaults:5 | Bought a scroll of identify for 22 gold pieces
 55022 | Vaults:5 | Found Nujiump's Magic Scroll Shoppe.
 55026 | Vaults:5 | Bought a scroll of enchant armour for 82 gold pieces
 55026 | Vaults:5 | Bought a scroll of enchant armour for 82 gold pieces
 55026 | Vaults:5 | Bought a scroll of enchant armour for 82 gold pieces
 55026 | Vaults:5 | Bought a scroll of enchant armour for 82 gold pieces
 55026 | Vaults:5 | Bought a scroll of identify for 22 gold pieces
 55051 | Vaults:5 | Found Tuyputoi's Distillery.
 55051 | Vaults:5 | Found Dycahi's Distillery.
 55055 | Vaults:5 | Bought a potion of cancellation for 144 gold pieces
 55055 | Vaults:5 | Bought 2 potions of heal wounds for 180 gold pieces
 55055 | Vaults:5 | Bought a potion of might for 72 gold pieces
 55062 | Vaults:5 | Bought a potion of might for 88 gold pieces
 55062 | Vaults:5 | Bought a potion of might for 88 gold pieces
 55062 | Vaults:5 | Bought a potion of might for 88 gold pieces
 55062 | Vaults:5 | Bought a potion of haste for 220 gold pieces
 55062 | Vaults:5 | Bought a potion of mutation for 176 gold pieces
 55083 | Vaults:5 | Found Vyesh's Magic Scroll Shoppe.
 55106 | Vaults:5 | Received a gift from Trog
 55120 | Vaults:5 | Got a silver rune of Zot
 55129 | Vaults:5 | Bought a scroll of teleportation for 39 gold pieces
 55129 | Vaults:5 | Bought a scroll of identify for 26 gold pieces
 55129 | Vaults:5 | Bought a scroll of teleportation for 39 gold pieces
 55129 | Vaults:5 | Bought a scroll of identify for 26 gold pieces
 55129 | Vaults:5 | Bought a scroll of identify for 26 gold pieces
 55129 | Vaults:5 | Bought a scroll of identify for 26 gold pieces
 55129 | Vaults:5 | Bought a scroll of identify for 26 gold pieces
 55387 | Vaults:5 | Found Marphips's Food Boutique.
 55417 | Vaults:5 | Found Ziohyati's Distillery.
 55417 | Vaults:5 | Found Axzarem Loacs's Magic Scroll Shoppe.
 55421 | Vaults:5 | Bought a potion of agility for 72 gold pieces
 55421 | Vaults:5 | Bought a potion of haste for 180 gold pieces
 55421 | Vaults:5 | Bought a potion of haste for 180 gold pieces
 55421 | Vaults:5 | Bought a potion of cancellation for 144 gold pieces
 55421 | Vaults:5 | Bought a potion of heal wounds for 90 gold pieces
 55421 | Vaults:5 | Bought a potion of haste for 180 gold pieces
 55421 | Vaults:5 | Bought a potion of haste for 180 gold pieces
 55428 | Vaults:5 | Bought a scroll of identify for 32 gold pieces
 55428 | Vaults:5 | Bought a scroll of identify for 32 gold pieces
 55428 | Vaults:5 | Bought a scroll of identify for 32 gold pieces
 55428 | Vaults:5 | Bought a scroll of identify for 32 gold pieces
 55535 | Vaults:5 | Found the +9 heavy crossbow "Sniper" {velocity, Acc+∞ SInv}
 56284 | D:11     | Bought an uncursed ring of resist corrosion for 300 gold pieces
 56843 | Depths:5 | Killed a juggernaut
 56883 | Depths:5 | Reached XP level 27. HP: 188/196 MP: 22/23
 57148 | Depths:5 | Found a shimmering altar of Xom.
 57556 | Depths:5 | Found a gateway to a ziggurat.
 57939 | Depths:5 | Found a gate to the Realm of Zot.
 57990 | Depths:5 | Received a gift from Trog
 58075 | Depths:5 | Got a pitted helmet
 58076 | Depths:5 | Identified the +0 helmet of an ice cave {rElec rN+ Regen+} (You found it on level 5 of the Depths)
 58719 | Slime:1  | Entered Level 1 of the Pits of Slime
 58724 | Slime:1  | Reached skill level 27 in Fighting
 58726 | Slime:1  | Gained mutation: You are occasionally teleported next to monsters. [a shining eye]
 58728 | Slime:1  | Gained mutation: Scrolls take you a little longer to read. [a shining eye]
 58734 | Slime:1  | Gained mutation: You expend magic power (3 MP) to strengthen your wands. [a shining eye]
 58736 | Slime:1  | Gained mutation: Your magical capacity is low. (-10% MP) [a shining eye]
 58742 | Slime:1  | Lost mutation: Scrolls take you a little longer to read. [potion of mutation]
 58742 | Slime:1  | Lost mutation: You expend magic power (3 MP) to strengthen your wands. [potion of mutation]
 58742 | Slime:1  | Lost mutation: Your magical capacity is low. (-10% MP) [potion of mutation]
 58742 | Slime:1  | Gained mutation: You are partially covered in yellow scales. (AC +2) [potion of mutation]
 58742 | Slime:1  | Gained mutation: Your flesh is cold resistant. (rC+) [potion of mutation]
 58742 | Slime:1  | Gained mutation: Your spells are a little harder to cast, but a little more powerful. [potion of mutation]
 58744 | Slime:1  | Lost mutation: You are partially covered in yellow scales. (AC +2) [potion of mutation]
 58744 | Slime:1  | Lost mutation: Your flesh is cold resistant. (rC+) [potion of mutation]
 58744 | Slime:1  | Gained mutation: You expend magic power (3 MP) to strengthen your wands. [potion of mutation]
 58744 | Slime:1  | Gained mutation: You possess an exceptional clarity of mind. [potion of mutation]
 58744 | Slime:1  | Gained mutation: You have a pair of small horns on your head. [potion of mutation]
 58744 | Slime:1  | Gained mutation: You are robust. (+10% HP) [potion of mutation]
 58745 | Slime:1  | Lost mutation: You possess an exceptional clarity of mind. [potion of mutation]
 58745 | Slime:1  | Gained mutation: Potions are less effective at restoring your health. [potion of mutation]
 58745 | Slime:1  | Gained mutation: You are somewhat resistant to further mutation. [potion of mutation]
 58746 | Slime:1  | Lost mutation: You are robust. (+10% HP) [potion of mutation]
 58746 | Slime:1  | Lost mutation: You have a pair of small horns on your head. [potion of mutation]
 58746 | Slime:1  | Lost mutation: You are somewhat resistant to further mutation. [potion of mutation]
 58746 | Slime:1  | Gained mutation: You are agile. (Dex +2) [potion of mutation]
 58746 | Slime:1  | Lost mutation: You are agile. (Dex +2) [potion of mutation]
 58746 | Slime:1  | Gained mutation: You evolve. [potion of mutation]
 58968 | Slime:5  | Entered Level 5 of the Pits of Slime
 59508 | Slime:5  | Noticed the Royal Jelly
 59522 | Slime:5  | Killed the Royal Jelly
 59532 | Slime:5  | Received a gift from Trog
 59610 | Slime:5  | Found the ring of the Octopus King
 59611 | Slime:5  | Found the +6 shillelagh "Devastator" {shatter}
 59617 | Slime:5  | Found the +2 pair of boots of the Assassin {Detection Stab+ Stlth++}
 59621 | Slime:5  | Got a ring of the Octopus King
 59627 | Slime:5  | Identified the Reference Book on the Spatial Entourage
 59631 | Slime:5  | Identified the Volume of Captivating Attacks
 59669 | Slime:5  | Identified a ring of the Octopus King {rCorr AC+1 EV+1 Str+1 Int+1 Dex+1} (You found it on level 5 of the Pits of Slime)
 59677 | Slime:5  | Lost mutation: You are occasionally teleported next to monsters. [evolution]
 59686 | Slime:5  | Got a slimy rune of Zot
 60216 | D:3      | Fell from the grace of Trog
 60216 | D:3      | Became a worshipper of the Shining One
 60334 | Lair:1   | Learned a level 1 spell: Apportation
 60340 | Lair:1   | Learned a level 5 spell: Aura of Abjuration
 60343 | Lair:1   | Learned a level 2 spell: Blink
 60622 | Crypt:1  | Entered Level 1 of the Crypt
 60628 | Crypt:1  | Reached * piety under the Shining One
 60645 | Vaults:3 | Reached skill level 1 in Staves
 60852 | Vaults:3 | Reached ** piety under the Shining One
 61095 | Crypt:1  | Reached *** piety under the Shining One
 61192 | Crypt:1  | Reached skill level 5 in Staves
 61310 | Crypt:1  | Reached **** piety under the Shining One
 62116 | Crypt:1  | Reached ***** piety under the Shining One
 62496 | Crypt:2  | Reached skill level 27 in Armour
 62677 | Crypt:2  | Noticed Sojobo
 62679 | Crypt:2  | Reached ****** piety under the Shining One
 62722 | Crypt:2  | Killed Sojobo
 62743 | Crypt:2  | Identified a +9 longbow of holy wrath (a +9 longbow of freezing blessed by the Shining One)
 62743 | Crypt:2  | Received a gift from the Shining One
 63258 | Crypt:3  | Entered Level 3 of the Crypt
 63520 | Crypt:3  | Reached skill level 1 in Invocations
 63529 | Crypt:3  | Reached skill level 1 in Summonings
 63549 | Crypt:3  | Reached skill level 1 in Spellcasting
 63549 | Crypt:3  | Reached skill level 1 in Translocations
 64088 | Crypt:3  | Found a staircase to the Tomb.
 64416 | Crypt:3  | Reached skill level 10 in Staves
 64673 | Crypt:3  | Paralysed by Trog for 7 turns
 64944 | Crypt:3  | Got a vibrating ivory amulet
 64958 | Crypt:3  | Found the +2 hat of the Bear Spirit {Spirit, +Rage rN+ MR++}
 65024 | Crypt:3  | Identified the amulet of Xom's Approval {Gourm rF+} (You took it off a skeletal warrior on level 3 of the Crypt)
 65185 | Crypt:3  | Found a basalt altar of Yredelemnul.
 65391 | Crypt:3  | Found the +4 Vampire's Tooth {vamp}
 65771 | Crypt:3  | Got a transparent bronze ring
 65772 | Crypt:3  | Identified the ring "Bol Qiebb" {+Fly rPois rC+ Str-4} (You found it on level 3 of the Crypt)
 66563 | Zot:1    | Entered Level 1 of the Realm of Zot
 66652 | Zot:1    | Reached skill level 5 in Invocations
 67478 | Zot:1    | You fall through a shaft!
 67542 | Zot:2    | Reached skill level 5 in Translocations
 67685 | Zot:2    | Reached skill level 5 in Spellcasting
 67685 | Zot:2    | Reached skill level 5 in Summonings
 67967 | Zot:1    | Lost mutation: Potions are less effective at restoring your health. [evolution]
 70011 | Zot:2    | Learned a level 2 spell: Song of Slaying
 70524 | Zot:3    | Reached skill level 1 in Charms
 71500 | Zot:3    | Was forgiven by Trog
 72403 | Zot:4    | Reached skill level 5 in Charms
 72529 | Zot:4    | Noticed an orb of fire
 72535 | Zot:4    | Gained mutation: Scrolls take you a little longer to read. [an orb of fire]
 72537 | Zot:4    | Gained mutation: Your body sometimes deteriorates upon taking damage. [an orb of fire]
 72538 | Zot:4    | Gained mutation: Your body often deteriorates upon taking damage. [an orb of fire]
 72539 | Zot:4    | Killed an orb of fire
 72539 | Zot:4    | Reached skill level 10 in Invocations
 72875 | Zot:5    | Entered Level 5 of the Realm of Zot
 73750 | Zot:5    | Noticed an orb of fire
 73758 | Zot:5    | Killed an orb of fire
 73929 | Zot:5    | Noticed an orb of fire
 73946 | Zot:5    | Noticed an orb of fire
 73947 | Zot:5    | Killed an orb of fire
 73953 | Zot:5    | Killed an orb of fire
 74128 | Zot:5    | Reached skill level 10 in Summonings
 74132 | Zot:5    | Reached skill level 10 in Spellcasting
 74132 | Zot:5    | Reached skill level 10 in Translocations
 74202 | Zot:5    | Noticed an orb of fire
 74212 | Zot:5    | Killed an orb of fire
 74364 | Zot:5    | Noticed an ancient lich
 74367 | Zot:5    | Killed an ancient lich
 74858 | Zot:5    | Noticed an ancient lich
 74862 | Zot:5    | Killed an ancient lich
 75231 | Pan      | Entered Pandemonium
 75332 | Pan      | Gained mutation: You are frail. (-10% HP) [a cacodemon]
 75519 | Pan      | Noticed Joekhuann the pandemonium lord
 75525 | Pan      | Killed Joekhuann the pandemonium lord
 76114 | Pan      | Found a runed door.
 76118 | Pan      | Found a runed door.
 76135 | Pan      | Found a runed door.
 76149 | Pan      | Found a runed door.
 76151 | Pan      | Noticed Geefen the pandemonium lord
 76151 | Pan      | Lost mutation: Your body often deteriorates upon taking damage. [evolution]
 76160 | Pan      | Killed Geefen the pandemonium lord
 76327 | Pan      | Noticed Jacetiy the pandemonium lord
 76343 | Pan      | Killed Jacetiy the pandemonium lord
 76343 | Pan      | Reached skill level 15 in Staves
 76384 | Pan      | Got a demonic rune of Zot
 76890 | Pan      | Reached skill level 10 in Charms
 76980 | Pan      | Gained mutation: You passively map a small area around you. [a neqoxec]
 77287 | Pan      | Lost mutation: Your body sometimes deteriorates upon taking damage. [a cacodemon]
 77288 | Pan      | Gained mutation: Your magical capacity is low. (-10% MP) [a cacodemon]
 77394 | Pan      | Noticed Funnik the pandemonium lord
 77401 | Pan      | Killed Funnik the pandemonium lord
 77454 | Pan      | Gained mutation: You are very frail. (-20% HP) [a cacodemon]
 77555 | Pan      | Found an exit through the horrors of the Abyss.
 77883 | Pan      | Noticed Iravon the pandemonium lord
 77897 | Pan      | Killed Iravon the pandemonium lord
 78727 | Pan      | Noticed Mennas
 78736 | Pan      | Killed Mennas
 79074 | Pan      | Reached skill level 15 in Invocations
 79351 | Pan      | Noticed Idoupuorph the pandemonium lord
 79363 | Pan      | Killed Idoupuorph the pandemonium lord
 80240 | Pan      | Gained mutation: Your magical capacity is very low. (-20% MP) [a neqoxec]
 80287 | Pan      | Entered the realm of Cerebov.
 80488 | Pan      | Found an exit through the horrors of the Abyss.
 80957 | Pan      | Noticed Cerebov
 81033 | Pan      | Killed Cerebov
 81239 | Pan      | Identified the Disquisition on Attacks
 81243 | Pan      | Got a pitted cloak
 81246 | Pan      | Identified the +0 cloak "Deyfresch" {MR+} (You found it in Pandemonium)
 81395 | Pan      | Got a fiery rune of Zot
 81480 | Pan      | Entered the realm of Mnoleg.
 81515 | Pan      | Gained mutation: You are weak. (Str -2) [a cacodemon]
 81622 | Pan      | Found an exit through the horrors of the Abyss.
 81784 | Pan      | Learned a level 9 spell: Shatter
 81846 | Pan      | Reached skill level 1 in Earth Magic
 81847 | Pan      | Paralysed by a floating eye for 3 turns
 81921 | Pan      | Gained mutation: Your magical capacity is extremely low. (-30% MP) [a neqoxec]
 81940 | Pan      | Gained mutation: You are very weak. (Str -4) [a cacodemon]
 81942 | Pan      | Gained mutation: You are clumsy. (Dex -2) [a cacodemon]
 81964 | Pan      | Noticed Mnoleg
 81984 | Pan      | Killed Mnoleg
 82305 | Pan      | Got a glowing rune of Zot
 82345 | Pan      | Gained mutation: You are dopey. (Int -2) [a cacodemon]
 82349 | Pan      | Reached skill level 5 in Earth Magic
 82420 | Pan      | Gained mutation: You occasionally shout uncontrollably at your foes. [a cacodemon]
 82784 | Pan      | Noticed Fehas the pandemonium lord
 82796 | Pan      | Killed Fehas the pandemonium lord
 83542 | Pan      | Found an exit through the horrors of the Abyss.
 83859 | Pan      | Found a transporter.
 83911 | Pan      | Gained mutation: You are very dopey. (Int -4) [a cacodemon]
 83923 | Pan      | Reached skill level 15 in Spellcasting
 84063 | Pan      | Found an exit through the horrors of the Abyss.
 84112 | Pan      | Found a transporter.
 84294 | Pan      | Got a vibrating crystal amulet
 84298 | Pan      | Identified the amulet "Lann" {+Rage rPois Int+4} (You found it in Pandemonium)
 84308 | Pan      | Got a scintillating pewter ring
 84311 | Pan      | Identified the ring "Fumuena" {Str+3 Int+7 Dex+2 Stlth+} (You found it in Pandemonium)
 84335 | Pan      | Entered the realm of Lom Lobon.
 84436 | Pan      | Found an exit through the horrors of the Abyss.
 84532 | Pan      | Reached skill level 10 in Earth Magic
 84984 | Pan      | Noticed Lom Lobon
 85005 | Pan      | Killed Lom Lobon
 85145 | Pan      | Got a magical rune of Zot
 85754 | Pan      | Entered the realm of Gloorx Vloq.
 85999 | Pan      | Noticed Gloorx Vloq
 86012 | Pan      | Killed Gloorx Vloq
 86155 | Pan      | Got a dark rune of Zot
 86761 | Pan      | Found an exit through the horrors of the Abyss.
 86766 | Pan      | Took an exit into the Abyss.
 86766 | Abyss:1  | Escaped into the Abyss
 86914 | Abyss:1  | Lost mutation: Your spells are a little harder to cast, but a little more powerful. [a neqoxec]
 87050 | Abyss:3  | Gained mutation: You tend to lose your temper in combat. [a cacodemon]
 87080 | Abyss:3  | Found a shattered altar of Ashenzari.
 87422 | Abyss:3  | Lost mutation: You are very dopey. (Int -4) [evolution]
 87463 | Abyss:3  | Got an abyssal rune of Zot
 88000 | Depths:3 | Escaped the Abyss
 88044 | Hell     | Entered the Vestibule of Hell
 88044 | Hell     | Noticed Geryon
 88061 | Depths:3 | Reached skill level 15 in Earth Magic
 88390 | Hell     | Killed Geryon
 89302 | Hell     | Found a gateway to the freezing wastes of Cocytus.
 89429 | Coc:1    | Entered Level 1 of Cocytus
 90727 | Coc:6    | Gained mutation: You sometimes yell uncontrollably at your foes. [mutagenic glow]
 90776 | Coc:6    | Gained mutation: Scrolls take you longer to read. [mutagenic glow]
 90822 | Coc:7    | Entered Level 7 of Cocytus
 90842 | Coc:7    | Noticed Antaeus
 90849 | Coc:7    | Gained mutation: You are occasionally teleported next to monsters. [mutagenic glow]
 91637 | Coc:7    | Killed Antaeus
 91701 | Coc:7    | Got an icy rune of Zot
 92360 | Hell     | Found a gateway to the decaying netherworld of Tartarus.
 92396 | Tar:1    | Entered Level 1 of Tartarus
 92692 | Hell     | Found a gateway to the ashen valley of Gehenna.
 92716 | Geh:1    | Entered Level 1 of Gehenna
 93051 | Geh:2    | You fall through a shaft for 2 floors!
 93327 | Geh:5    | Reached skill level 27 in Earth Magic
 93679 | Geh:5    | HP: 4/159 [hellion/damnation (23)]
 93680 | Geh:5    | Slain by a hellion

Vault maps used:
D:1:      giann_wishing_wells
D:2:      lemuel_doored_altar, nicolae_overflow_crystal_walls, uniq_jessica
D:3:      nicolae_overflow_hidden_temple, lemuel_round_altar
D:4:      due_unseen_surprise
D:5:      first_ration
D:6:      chequers_temple_overflow_statue_of_worship,
          minmay_temple_entry_poolview, minivault_4
D:7:      grunt_dithmenos_shadows
D:8:      elyvilon_altar_5, minmay_lair_entry_lava, basic_altar
D:9:      orc_0_dummy, hangedman_pestilent_swarm, uniq_pikel
D:10:     basic_altar, uniq_gastronok
D:11:     serial_shops, shop, basic_altar, minmay_misc_feat_diagonals
D:13:     serial_shops, shop, serial_ice, serial_ice_b, serial_ice_c,
          serial_ice_e, serial_ice_h, portal_ice_cave_rime, eino_jars,
          uniq_urug, uniq_josephine
D:14:     david_vaults_3, okawaru_ov_weapons_minmay, dk_noncrumbling_4,
          nrook_guardian_serpent_double
D:15:     grunt_enter_depths_hoard, basic_altar, interstate_on_off
Lair:1:   lab_entry_generic, grunt_megastairs_4
Lair:2:   swamp_mist, uniq_prince_ribbit2, uniq_nergalle
Lair:3:   grunt_megastairs_1
Lair:4:   minmay_snake_entry_six_corridors, beast_lair_carwin_8, uniq_snorg
Lair:5:   serial_bayou_lagoon_a, minmay_lair_oklob_chamber
Lair:6:   evilmike_catoblepas_cave, slime_altar_1,
          nicolae_volcano_entry_lava_flow, basic_altar, grunt_megastairs_2
Swamp:1:  infiniplex_staircase_pool, swamp_pool1, nicolae_island_escapes
Swamp:2:  nicolae_swamp_very_dense_foliage, uniq_roxanne, uniq_louise
Swamp:3:  serial_swamp_ruin, evilmike_swamp_ruin_house_5,
          evilmike_swamp_ruin_house_4, swamp_pool1
Swamp:4:  swamp
Snake:2:  uniq_vashnia
Snake:3:  serial_bayou_pond_a, spider_trap, uniq_jorgrun, uniq_mara
Snake:4:  snake_pit_salamanders_mu, uniq_aizul
Slime:3:  cheibrodos_slime_lost_civilization_5
Slime:4:  nicolae_slime_barrier
Orc:2:    grunt_orc_community_town_hall, grunt_orc_community_big_house_2,
          grunt_orc_community_big_house_2, grunt_orc_community_house_1,
          grunt_orc_community_house_3, grunt_orc_community_house_1,
          grunt_orc_community_house_2, serial_shops, nicolae_shop_behind_doors
Elf:1:    minmay_elf_arrival_plus, serial_shops, shop_fountains,
          minmay_elf_crystal_hexagon
Elf:3:    minmay_elf_hall_statues, serial_shops, shop
Vaults:1: v_alt_pattern_5, nicolae_vaults_an_arrangement, v_misc_25,
          nicolae_vaults_sealed_display, nicolae_vaults_yaktaur_gun_rack,
          ontoclasm_vaults_loading_screen, vaults_dpeg_encased_lava,
          nicolae_vaults_theta, vaults_room_corners,
          ontoclasm_vaults_decontamination, serial_shops, shop, basic_altar
Vaults:2: ontoclasm_vaults_ring_small, v_misc_33, v_misc_33, vaults_room_fours,
          v_misc_19, nicolae_vaults_angled_halls, nicolae_vaults_circle_grid_a,
          vaults_dpeg_ring, hangedman_vaults_pinch,
          nicolae_vaults_hallways_thing, v_pattern_5, vaults_room_door_hall,
          nicolae_vaults_little_squares_1, vaults_room_glass_cross
Vaults:3: v_misc_28, minmay_crypt_entry_simple_statues,
          nicolae_vaults_shelves_hall, vaults_room_guarded_vault,
          v_alt_pattern_1, nicolae_vaults_circle_grid_b,
          nicolae_vaults_puzzle_piece, ontoclasm_vaults_loading_screen,
          hangedman_vaults_cutoff, ontoclasm_vaults_tryst,
          nicolae_vaults_what_the_h, dpeg_vaults_monster_box,
          nicolae_vaults_border_crossing, ontoclasm_vaults_idyll,
          vaults_room_stairs_pillars, nicolae_vaults_little_squares_4,
          mu_enter_wizlab_6
Vaults:4: nicolae_vaults_meeting, ontoclasm_vaults_fault, vaults_dpeg_cross,
          nicolae_vaults_three_branches, nicolae_vaults_asterisk,
          vaults_room_pools, hangedman_vaults_nails, nicolae_vaults_rhombus_5,
          nicolae_vaults_ring_of_whatevers
Crypt:1:  serial_sigils_hangedman_writhe, evilmike_ambush
Crypt:2:  roderic_lattice_octagonal_star, uniq_sojobo
Crypt:3:  evilmike_haunted_forest
Depths:1: grunt_hell_entry_demonic_statue, minmay_misc_feat_rugged,
          grunt_decor_mini_mirrors, eino_tiny_chamber, minmay_misc_feat_columns,
          st_stairs_12, guppyfry_shop_blood, minmay_shop_grove,
          serial_bayou_shore_b
Depths:2: grunt_runaround, hell_entry
Depths:3: hourglass_vault, serial_bayou, serial_bayou_crossing,
          serial_bayou_pond_e, serial_bayou_pond_e, serial_bayou_lake_a,
          hell_entry, serial_shops, shop, grunt_pan_entry_zigzag,
          kennysheep_generic_room_10
Depths:4: cheibrodos_spurs, grunt_decor_cap, abyss_entry, hell_entry,
          minmay_staircase_statues, basic_stair_grate_trap
Depths:5: lemuel_castle_with_subvaults, enter_ziggurat_f, roderic_lattice_a,
          pf_coc_iceberg, minmay_liquid_box, tgw_xom
Geh:1:    gehenna_fire_generator
Geh:2:    nicolae_geh_single_fiery_grave
Geh:5:    nicolae_geh_sunburst, lemuel_flamethrower_2
Coc:5:    hangedman_elemental_grid_stream
Coc:7:    coc_old
Zot:4:    kennysheep_ambush_hall
Abyss:3:  hangedman_abyss_theft, minivault_26
Pan:      rand_demon_1, reaverb_pan_figure_eight, nicolae_pan_sigil_itan,
          nicolae_pan_cerebovesque_1, rand_demon_7, evilmike_mini_pan_3x3,
          grunt_pan_in_and_out, evilmike_mini_pan_thingy,
          evilmike_mini_pan_pillars, pan_blood_fountain_small, uniq_mennas_pan,
          nicolae_pan_lom_lobonic_3, rand_demon_1, evilmike_cerebov_lava,
          evilmike_mnoleg_eyes, pan_blood_fountain, evilmike_mini_pan_V,
          gammafunk_dig_for_victory, lom_lobon_grunt_wind_tunnels,
          pan_blood_fountain, gloorx_vloq, grunt_pan_zigzag
Lab:      labyrinth_hidden_loot, lab_fountain, nicolae_lab_stuck,
          nicolae_lab_flowing_pool, nicolae_lab_starburst, nicolae_lab_swirl,
          nicolae_lab_very_dead_end, nicolae_lab_x, lab_statue,
          nicolae_lab_grate, nicolae_lab_big_swirl, nicolae_lab_do_over,
          nicolae_lab_plus, labyrinth_skeletal_remains, nicolae_lab_diamond
IceCv:    ice_cave_small_necro
Volcano:  volcano_lake
WizLab:   wizlab_doroklohe

Skill      XL: |  1  2  3  4  5  6  7  8  9 10 11 12 13 14 15 16 17 18 19 20 21 22 23 24 25 26 27 |
---------------+----------------------------------------------------------------------------------+-----
Fighting       | 4 5 6 7 8 10 12 13 15 17 19 21 22 23 25 26 27 | 27.0
Bows           | 2 6 11 14 16 19 21 22 24 25 27 | 27.0
Armour         | 5 10 13 16 18 20 21 23 24 27 | 27.0
Staves         | 16 | 16.0
Invocations    | 20 | 20.0
Summonings     | 14 | 14.0
Spellcasting   | 17 | 17.2
Translocations | 14 | 14.0
Charms         | 11 | 11.6
Earth Magic    | 27 | 27.0
Long Blades    | |  2.6
Dodging        | |  1.5

Action                   |  1- 3 |  4- 6 |  7- 9 | 10-12 | 13-15 | 16-18 | 19-21 | 22-24 | 25-27 || total
-------------------------+-------+-------+-------+-------+-------+-------+-------+-------+-------++-------
Melee: Falchion          |    89 |   275 |   146 |       |       |       |       |       |       ||   510
       Long sword        |       |       |    44 |       |       |       |       |       |       ||    44
       Scimitar          |       |       |   299 |   561 |    39 |       |       |       |       ||   899
       Triple sword      |       |       |       |       |     4 |       |       |       |       ||     4
       Hand axe          |       |       |       |       |    25 |    42 |       |       |       ||    67
       Longbow           |       |       |       |       |     1 |       |       |       |     3 ||     4
       Lajatang          |       |       |       |       |       |       |    29 |     1 |  1245 ||  1275
 Fire: Longbow           |       |       |       |   175 |  1182 |  1298 |  1450 |  1596 |  6455 || 12156
       Heavy crossbow    |       |       |       |       |       |       |       |       |     3 ||     3
 Cast: Apportation       |       |       |       |       |       |       |       |       |   193 ||   193
       Aura of Abjuratio |       |       |       |       |       |       |       |       |     6 ||     6
       Blink             |       |       |       |       |       |       |       |       |     2 ||     2
Invok: Berserk           |     1 |     5 |     6 |    11 |     1 |     2 |     1 |       |       ||    27
       Trog's Hand       |       |       |       |       |     5 |     6 |     9 |     4 |     6 ||    30
       Brothers in Arms  |       |       |       |       |     1 |     2 |       |     2 |     1 ||     6
       Divine Shield     |       |       |       |       |       |       |       |       |     1 ||     1
       Summon Divine War |       |       |       |       |       |       |       |       |     1 ||     1
       Brand Weapon With |       |       |       |       |       |       |       |       |     1 ||     1
 Abil: Fly               |       |       |       |       |       |     1 |     1 |       |     5 ||     7
       Stop Flying       |       |       |       |       |       |     1 |     1 |       |     5 ||     7
Evoke: Wand              |       |       |       |       |       |       |       |       |     9 ||     9
  Use: Scroll            |       |     3 |     3 |    10 |    13 |    10 |    13 |    10 |    52 ||   114
       Potion            |       |       |       |       |       |       |       |       |    32 ||    32
  Eat: Chunk             |       |    12 |    16 |    30 |    26 |    21 |    31 |    18 |    60 ||   214
       Ration            |       |       |     2 |     1 |     2 |     3 |       |     3 |    20 ||    31
Armor: Chain mail        |    48 |   202 |   238 |       |       |       |       |       |       ||   488
       Animal skin       |     5 |       |       |       |       |       |       |       |       ||     5
       Plate armour      |       |       |   197 |   624 |   505 |   388 |   407 |   614 |   338 ||  3073
       Gold dragon scale |       |       |       |       |       |       |       |       |  4967 ||  4967
Dodge: Dodged            |    51 |   142 |   243 |   277 |   190 |    98 |   186 |   232 |  1720 ||  3139
Block: Buckler           |       |       |     3 |       |       |       |       |       |       ||     3
       Other             |       |       |       |       |       |       |       |       |     2 ||     2
       Rpst.: Falchion   |    18 |    39 |    18 |       |       |       |       |       |       ||    75
       Long sword        |       |       |     5 |       |       |       |       |       |       ||     5
       Scimitar          |       |       |    46 |    65 |     1 |       |       |       |       ||   112

Table legend:
 A = Spawn XP
 B = Non-spawn XP
 C = Spawn XP percentage of total XP
 D = Spawn monster count
 E = Non-spawn monster count
 F = Spawn count percentage of total count
 G = Total turns spent on level
                    A         B        C        D         E        F      G
               +---------+---------+-------+---------+---------+-------+---------
         Total |  145624 | 3182039 |   4.4 |     235 |    4165 |   5.3 | 93680
               +---------+---------+-------+---------+---------+-------+---------
           D:1 |       0 |      53 |   0.0 |       0 |      29 |   0.0 |   872
           D:2 |       0 |     175 |   0.0 |       0 |      34 |   0.0 |   882
           D:3 |       0 |     345 |   0.0 |       0 |      38 |   0.0 |  1451
           D:4 |       0 |     569 |   0.0 |       0 |      23 |   0.0 |   948
           D:5 |       0 |     280 |   0.0 |       0 |      11 |   0.0 |   707
           D:6 |       0 |     821 |   0.0 |       0 |      27 |   0.0 |   911
           D:7 |       0 |    1764 |   0.0 |       0 |      31 |   0.0 |  1260
           D:8 |       0 |    2428 |   0.0 |       0 |      41 |   0.0 |  1997
           D:9 |       0 |    2348 |   0.0 |       0 |      25 |   0.0 |  1363
          D:10 |       0 |    7254 |   0.0 |       0 |      50 |   0.0 |  2124
          D:11 |       0 |    2865 |   0.0 |       0 |      23 |   0.0 |  1160
          D:12 |       0 |    3233 |   0.0 |       0 |      25 |   0.0 |  1408
          D:13 |       0 |   10376 |   0.0 |       0 |      47 |   0.0 |  1565
          D:14 |       0 |   19316 |   0.0 |       0 |      56 |   0.0 |  1091
          D:15 |       0 |   15766 |   0.0 |       0 |      30 |   0.0 |  1791
        Lair:1 |       0 |    4343 |   0.0 |       0 |      17 |   0.0 |  1469
        Lair:2 |       0 |    6185 |   0.0 |       0 |      20 |   0.0 |  1158
        Lair:3 |       0 |    5746 |   0.0 |       0 |      20 |   0.0 |   936
        Lair:4 |       0 |    8877 |   0.0 |       0 |      31 |   0.0 |  1124
        Lair:5 |       0 |   11099 |   0.0 |       0 |      40 |   0.0 |  1235
        Lair:6 |       0 |   24299 |   0.0 |       0 |      77 |   0.0 |  1802
       Swamp:1 |       0 |    9875 |   0.0 |       0 |      28 |   0.0 |   791
       Swamp:2 |       0 |   12588 |   0.0 |       0 |      30 |   0.0 |   891
       Swamp:3 |       0 |    4865 |   0.0 |       0 |      13 |   0.0 |   614
       Swamp:4 |       0 |   32106 |   0.0 |       0 |      55 |   0.0 |   810
       Snake:1 |       0 |   35459 |   0.0 |       0 |      66 |   0.0 |  1102
       Snake:2 |       0 |   22117 |   0.0 |       0 |      29 |   0.0 |   983
       Snake:3 |       0 |   31370 |   0.0 |       0 |      46 |   0.0 |  1182
       Snake:4 |       0 |   64837 |   0.0 |       0 |      98 |   0.0 |  2197
       Slime:1 |       0 |   13318 |   0.0 |       0 |      15 |   0.0 |   142
       Slime:2 |       0 |     380 |   0.0 |       0 |       2 |   0.0 |    21
       Slime:3 |       0 |    3204 |   0.0 |       0 |       3 |   0.0 |    24
       Slime:4 |       0 |    7737 |   0.0 |       0 |      14 |   0.0 |   149
       Slime:5 |       0 |   54563 |   0.0 |       0 |      38 |   0.0 |   882
         Orc:1 |       0 |    2552 |   0.0 |       0 |      27 |   0.0 |   420
         Orc:2 |       0 |   17469 |   0.0 |       0 |     124 |   0.0 |  1465
         Elf:1 |       0 |   24266 |   0.0 |       0 |      43 |   0.0 |   834
         Elf:2 |       0 |   21509 |   0.0 |       0 |      34 |   0.0 |   593
         Elf:3 |       0 |   67270 |   0.0 |       0 |      74 |   0.0 |  1631
      Vaults:1 |       0 |   54778 |   0.0 |       0 |      99 |   0.0 |  1872
      Vaults:2 |       0 |   58527 |   0.0 |       0 |      87 |   0.0 |  1542
      Vaults:3 |       0 |   98453 |   0.0 |       0 |     151 |   0.0 |  2013
      Vaults:4 |       0 |   79316 |   0.0 |       0 |     100 |   0.0 |  2152
      Vaults:5 |       0 |  117070 |   0.0 |       0 |     103 |   0.0 |  1812
       Crypt:1 |       0 |   46427 |   0.0 |       0 |      58 |   0.0 |  1582
       Crypt:2 |       0 |   36161 |   0.0 |       0 |      38 |   0.0 |   877
       Crypt:3 |       0 |   65353 |   0.0 |       0 |     103 |   0.0 |  2596
      Depths:1 |       0 |   54767 |   0.0 |       0 |      88 |   0.0 |  1605
      Depths:2 |       0 |   90753 |   0.0 |       0 |      95 |   0.0 |  1801
      Depths:3 |       0 |   60380 |   0.0 |       0 |      76 |   0.0 |  1813
      Depths:4 |       0 |  122594 |   0.0 |       0 |     111 |   0.0 |  2216
      Depths:5 |       0 |  101097 |   0.0 |       0 |      84 |   0.0 |  2163
          Hell |       0 |   40572 |   0.0 |       0 |      60 |   0.0 |   851
         Geh:1 |       0 |   26275 |   0.0 |       0 |      62 |   0.0 |   246
         Geh:2 |       0 |    2411 |   0.0 |       0 |       8 |   0.0 |    89
         Geh:4 |       0 |   23951 |   0.0 |       0 |      49 |   0.0 |   275
         Geh:5 |       0 |   28579 |   0.0 |       0 |      71 |   0.0 |   354
         Coc:1 |       0 |   23278 |   0.0 |       0 |      45 |   0.0 |   400
         Coc:2 |       0 |   40284 |   0.0 |       0 |      49 |   0.0 |   345
         Coc:3 |       0 |   43081 |   0.0 |       0 |      37 |   0.0 |   269
         Coc:4 |       0 |    8883 |   0.0 |       0 |      25 |   0.0 |   175
         Coc:5 |       0 |    1822 |   0.0 |       0 |       5 |   0.0 |    32
         Coc:6 |       0 |   14807 |   0.0 |       0 |      17 |   0.0 |   172
         Coc:7 |       0 |  182486 |   0.0 |       0 |     167 |   0.0 |  1417
         Tar:1 |       0 |    6551 |   0.0 |       0 |       9 |   0.0 |    89
         Zot:1 |       0 |   48372 |   0.0 |       0 |      35 |   0.0 |  1824
         Zot:2 |       0 |   71036 |   0.0 |       0 |      42 |   0.0 |  1747
         Zot:3 |       0 |   82058 |   0.0 |       0 |      49 |   0.0 |  1131
         Zot:4 |       0 |   83183 |   0.0 |       0 |      44 |   0.0 |  1368
         Zot:5 |       0 |  248485 |   0.0 |       0 |      83 |   0.0 |  2166
       Abyss:1 |     850 |    1401 |  37.8 |       4 |       8 |  33.3 |   190
       Abyss:3 |   37759 |   38895 |  49.3 |      63 |      58 |  52.1 |  1023
           Pan |  107015 |  594476 |  15.3 |     168 |     523 |  24.3 | 11535
           Lab |       0 |    2014 |   0.0 |       0 |       5 |   0.0 |   195
         IceCv |       0 |    6254 |   0.0 |       0 |      54 |   0.0 |   615
       Volcano |       0 |    6890 |   0.0 |       0 |      15 |   0.0 |   433
        WizLab |       0 |   16692 |   0.0 |       0 |      18 |   0.0 |   689
               +---------+---------+-------+---------+---------+-------+---------
